 Dungeon Crawl Stone Soup version 0.29-a0-892-g2c4c91d9db (webtiles) character file.

Game seed: 498094768395681949

156149 sanka the Illuminatus (level 17, -5/142 HPs)
             Began as a Gnoll Conjurer on July 22, 2022.
             Was an Elder of Ashenzari.
             Slain by an emperor scorpion simulacrum (7 damage)
             ... on level 4 of the Spider Nest.
             The game lasted 01:29:52 (38582 turns).

sanka the Illuminatus (Gnoll Conjurer)             Turns: 38582, Time: 01:29:53

Health: -5/142     AC: 30    Str:  7    XL:     17   Next: 66%
Magic:  6/37       EV: 19    Int: 28    God:    Ashenzari [****..]
Gold:   4788       SH:  0    Dex: 15    Spells: 30/48 levels left

rFire   . . .      SeeInvis +   a - +5 glaive of the Guard {elec, spectral, AC+5}
rCold   + . .      Faith    .   (shield currently unavailable)
rNeg    . . .      Spirit   .   M - +0 steam dragon scales
rPois   +          Reflect  .   g - +3 helmet "Behold Eternity" {rPois rC+, Elem, Melee} (curse)
rElec   .          Harm     .   t - +2 cloak "Circumscribed With Me" {Bglg, Elem} (curse)
rCorr   .          Rampage  .   k - +2 pair of gloves "Chained With Me" {Dex+3, Self, Bglg} (curse)
Will    ++...      Clarity  +   j - +0 pair of boots "Share My Lethargy" {Self, Melee} (curse)
Stlth   +++++.....              m - amulet "Restrained With Me" {Acrobat, Elem, Bglg} (curse)
HPRegen 0.33/turn               x - ring "I Foresaw This" {AC+4, Range, Elem} (curse)
MPRegen 0.25/turn               p - ring "Thunder Perfect Mind" {Fly Will+ Int+4, Bglg, Fort} (curse)

@: about to teleport, flying
A: fangs 1, strong nose, distributed training
a: Renounce Religion, Curse Item, Shatter the Chains


You were on level 4 of the Spider Nest.
You worshipped Ashenzari.
Ashenzari was greatly pleased with you.
You visited 5 branches of the dungeon, and saw 27 of its levels.
You also visited: Sewer, Bailey and Gauntlet.

You collected 6683 gold pieces.
You spent 1895 gold pieces at shops.


Innate Abilities, Weirdness & Mutations

You have very sharp teeth.
Your uncanny sense of smell can sniff out nearby items.
Your experience applies equally to all skills.


   Skills:
 + Level 12.2(15.1) Fighting
 + Level 12.2(15.1) Short Blades
 + Level 12.2(15.1) Long Blades
 + Level 12.2(15.1) Axes
 + Level 12.2(15.1) Maces & Flails
 + Level 12.2(15.1) Polearms
 + Level 12.2(15.1) Staves
 + Level 12.2(14.1) Ranged Weapons
 + Level 12.2(14.1) Throwing
 + Level 12.2(14.1) Armour
 + Level 13.0 Dodging
 + Level 12.9 Stealth
 + Level 12.2(14.1) Shields
 + Level 12.2(15.1) Unarmed Combat
 + Level 13.1(16.0) Spellcasting
 + Level 12.4(17.1) Conjurations
 + Level 10.3(15.0) Hexes
 + Level 10.3 Summonings
 + Level 10.3 Necromancy
 + Level 10.3(15.0) Translocations
 + Level 10.3 Transmutations
 + Level 10.3(15.0) Fire Magic
 + Level 10.3(15.0) Ice Magic
 + Level 10.3(15.0) Air Magic
 + Level 10.3(15.0) Earth Magic
 + Level 10.3 Poison Magic
 + Level 13.2 Invocations
 + Level 12.2 Evocations


You had 30 spell levels left.
You knew the following spells:

 Your Spells              Type           Power      Damage    Failure   Level
c - Iron Shot             Conj/Erth      42%        9d8       1%          6
v - Orb of Destruction    Conj           43%        9d12      1%          7
z - Magic Dart            Conj           100%       1d8       0%          1
Z - Fulminant Prism       Conj/Hex       42%        3d20      1%          4

Your spell library contained the following spells:

 Spells                   Type           Power      Damage    Failure   Level
 Freeze                   Ice            100%       1d11      0%          1
 Ensorcelled Hibernation  Hex/Ice        100%       N/A       0%          2
 Searing Ray              Conj           100%       2d8       0%          2
 Static Discharge         Conj/Air       85%        3-14/arc  0%          2
 Conjure Flame            Conj/Fire      85%        6-21      0%          3
 Dazzling Flash           Conj/Hex       100%       N/A       0%          3
 Frozen Ramparts          Ice            100%       1d12      0%          3
 Necrotise                Necr           100%       1d9       1%          1
 Sting                    Tmut/Pois      100%       1d8       1%          1
 Summon Small Mammal      Summ           100%       N/A       1%          1
 Call Imp                 Summ           69%        N/A       1%          2
 Call Canine Familiar     Summ           69%        N/A       1%          3
 Ignite Poison            Fire/Tmut/Pois 73%        N/A       1%          3
 Mephitic Cloud           Conj/Pois/Air  80%        N/A       1%          3
 Spider Form              Tmut/Pois      69%        N/A       1%          3
 Summon Guardian Golem    Hex/Summ       76%        N/A       1%          3
 Vampiric Draining        Necr           69%        2d10      1%          3
 Anguish                  Hex/Necr       38%        N/A       1%          4
 Animate Armour           Summ/Erth      100%       N/A       1%          4
 Animate Dead             Necr           69%        N/A       1%          4
 Hailstorm                Conj/Ice       85%        3d17      1%          4
 Ice Form                 Ice/Tmut       76%        N/A       1%          4
 Iskenderun's Mystic Bla  Conj/Tloc      85%        2d17      1%          4
 Olgreb's Toxic Radiance  Pois           69%        N/A       1%          4
 Petrify                  Tmut/Erth      76%        N/A       1%          4
 Sticky Flame             Conj/Fire      85%        2d10      1%          4
 Agony                    Necr           69%        N/A       1%          5
 Alistair's Intoxication  Tmut/Pois      46%        N/A       1%          5
 Borgnjor's Vile Clutch   Necr/Erth      38%        N/A       1%          5
 Lightning Bolt           Conj/Air       42%        1d62      1%          5
 Silence                  Hex/Air        41%        N/A       1%          5
 Simulacrum               Ice/Necr       38%        N/A       1%          6
 Ozocubu's Refrigeration  Ice            41%        4d13      3%          7
 Eringya's Noxious Bog    Tmut/Pois      34%        N/A       4%          6
 Spellforged Servitor     Conj/Summ      39%        N/A       6%          7
 Haunt                    Necr/Summ      34%        N/A       26%         7
 Ignition                 Fire           41%        3d12      28%         8
 Maxwell's Capacitive Co  Air            41%        ∞         28%         8
 Infestation              Necr           34%        N/A       90%         8

Inventory:

Hand Weapons
 a - the +5 glaive of the Guard (weapon) {elec, spectral, AC+5}

   It occasionally discharges a powerful burst of electricity upon striking a
   foe.
   When it strikes, its spirit leaps out and fights alongside the wielder.
   AC:        It affects your AC (+5).
 b - the +8 morningstar of Wuqocluc {speed, *Corrode rN+ Int+6 Dex+2} Attacks with this weapon are significantly faster. Int: It affects your intelligence (+6). Dex: It affects your dexterity (+2). rN: It protects you from negative energy. *Corrode: It may corrode you when you take damage.
 s - a +2 dagger of speed
Missiles
 e - 3 curare-tipped darts {=f}
 z - a throwing net {=f}
 F - 6 silver javelins
Armour
 g - the cursed +3 helmet "Behold Eternity" (worn) {rPois rC+, Elem, Melee} rC: It protects you from cold. rPois: It protects you from poison. It has a curse which improves the following skills: Elements: Fire Magic, Ice Magic, Air Magic and Earth Magic. Melee Combat: Short Blades, Long Blades, Axes, Maces & Flails, Polearms, Staves and Unarmed Combat.
 j - the cursed +0 pair of boots "Share My Lethargy" (worn) {Self, Melee}

   It has a curse which improves the following skills: Introspection: Fighting
   and Spellcasting.
   Melee Combat: Short Blades, Long Blades, Axes, Maces & Flails, Polearms,
   Staves and Unarmed Combat.
 k - the cursed +2 pair of gloves "Chained With Me" (worn) {Dex+3, Self, Bglg}

   It has a curse which improves the following skills: Introspection: Fighting
   and Spellcasting.
   Beguiling: Conjurations, Hexes and Translocations.
 t - the cursed +2 cloak "Circumscribed With Me" (worn) {Bglg, Elem}

   It has a curse which improves the following skills: Beguiling: Conjurations,
   Hexes and Translocations.
   Elements:  Fire Magic, Ice Magic, Air Magic and Earth Magic.
 M - +0 steam dragon scales (worn)
Magical Staves
 w - a staff of conjuration {!a}
 P - a staff of cold
Jewellery
 m - the cursed amulet "Restrained With Me" (around neck) {Acrobat, Elem, Bglg}

   [amulet of the acrobat]

   It increases your evasion while moving and waiting.
   It has a curse which improves the following skills: Elements: Fire Magic, Ice
   Magic, Air Magic and Earth Magic.
   Beguiling: Conjurations, Hexes and Translocations.
 p - the cursed ring "Thunder Perfect Mind" (right hand) {Fly Will+ Int+4, Bglg, Fort}

   [ring of flight]

   Int:       It affects your intelligence (+4).
   Fly:       It grants you flight.
   Will:      It increases your willpower.
   It has a curse which improves the following skills: Beguiling: Conjurations,
   Hexes and Translocations.
   Fortitude: Armour and Shields.
 x - the cursed ring "I Foresaw This" (left hand) {AC+4, Range, Elem}

   [ring of protection]

   AC:        It affects your AC (+4).
   It has a curse which improves the following skills: Ranged Combat: Ranged
   Weapons and Throwing.
   Elements:  Fire Magic, Ice Magic, Air Magic and Earth Magic.
Wands
 v - a wand of light (19)
 L - a wand of polymorph (16)
 N - a wand of paralysis (8)
 R - a wand of digging (18)
 T - a wand of iceblast (23)
 U - a wand of mindburst (23)
Scrolls
 c - 6 scrolls of magic mapping
 f - 8 scrolls of fear
 q - 4 scrolls of fog
 r - 3 scrolls of summoning
 y - 17 scrolls of teleportation {@r4}
 B - 5 scrolls of poison {!r}
 G - 3 scrolls of silence {!r}
 J - a scroll of enchant armour
 Q - 6 scrolls of immolation {!r}
 V - a scroll of blinking
Potions
 d - 3 potions of mutation {!q}
 h - 3 potions of haste {@q3}
 l - 7 potions of heal wounds {@q2}
 n - 16 potions of curing {@q1}
 o - 8 potions of brilliance
 A - 3 potions of resistance
 C - 4 potions of might
 D - 2 potions of cancellation
 E - 3 potions of lignification {!q}
 H - 6 potions of magic
 K - 2 potions of berserk rage {!q}
 O - 4 potions of attraction {!q}
 S - a potion of invisibility
Miscellaneous
 i - a condenser vane
 u - a phial of floods
 I - a box of beasts

Dungeon Overview and Level Annotations

Branches:
Dungeon (15/15)            Temple (1/1) D:7            Lair (5/5) D:8
 Shoals (0/4) Lair:2       Spider (4/4) Lair:3        Slime (0/5) Lair:4
    Orc (2/2) D:9             Elf (0/3) Orc:2        Vaults (0/5) D:14
 Depths (0/4) D:15          Sewer (visited)          Bailey (visited)
Gauntlet (visited)

Altars:
Ashenzari
Cheibriados
Dithmenos
Elyvilon
Fedhas
Gozag
Hepliaklqana
Kikubaaqudgha
Makhleb
Nemelex Xobeh
Okawaru
Qazlal
Ru
Sif Muna
Trog
Uskayaw
Vehumet
Wu Jian
Xom
Yredelemnul
Zin
The Shining One
Jiyva

Shops:
D:1 ((   D:2 (   D:10 = Orc:2

([*=
▒≈......†..▒▒▒...
▒▒.†...^....▒▒▒...
▒▒..†..≈≈.†▒▒▒ ...
▒▒..▒▒▒▒≈≈..▒ ░,
.. ▒▒..▒.!▒▒≈..▒ ░
,, ▒▒.^▒y,≈▒≈.≈▒
▒▒†▒▒ ≈∆▒≈..^▒ ░
▒▒Z.▒s ▒▒^..▒
▒▒.g▒. ▒..▒▒
▒ss▒▒s≈ ,^ ░
▒ss▒^.≈ ∆ ,░
▒Zs▒^, ,≈ ░ ,░
▒..▒ ∆ ∆≈,░ ,^░
▒.☼. ∆≈ ∆ , ░
▒▒.≈^ ≈≈^ ░ ▒^.
∆░, ^ ▒▒≈. ∆ ,^


You could see 3 emperor scorpions, 2 jumping spiders, 2 redbacks, a redback
simulacrum and an emperor scorpion simulacrum.


Message History

Your +5 glaive of the Guard {elec, spectral, AC+5} fades away.
* * * LOW HITPOINT WARNING * * *
The emperor scorpion stings you.
* * * LOW HITPOINT WARNING * * *
The emperor scorpion claws you but does no damage.
The emperor scorpion completely misses you.
The redback simulacrum closely misses you.
The redback bites you but does no damage.
Unknown command.
Unknown command.
An emperor scorpion comes into view.
The emperor scorpion simulacrum closely misses you.
The emperor scorpion simulacrum misses you.
The emperor scorpion simulacrum completely misses you.
The jumping spider leaps!
The emperor scorpion moves out of view.
Unknown command.
Unknown command.
As you read the scroll of teleportation {@r4}, it crumbles to dust.
You feel strangely unstable. The emperor scorpion stings you.
* * * LOW HITPOINT WARNING * * *
The emperor scorpion claws you.
* * * LOW HITPOINT WARNING * * *
The emperor scorpion misses you.
The emperor scorpion simulacrum hits you.
* * * LOW HITPOINT WARNING * * *
The emperor scorpion simulacrum freezes you!
You resist.
You die...

Action                   |  1- 3 |  4- 6 |  7- 9 | 10-12 | 13-15 | 16-18 || total
-------------------------+-------+-------+-------+-------+-------+-------++-------
Melee: Unarmed           |       |     1 |       |       |       |       ||     1
       Scimitar          |       |    17 |     4 |       |       |       ||    21
       Bite              |       |     1 |    10 |    46 |    73 |    51 ||   181
       Punch             |       |       |     2 |    14 |       |       ||    16
       Rapier            |       |       |   168 |   272 |       |       ||   440
       Dagger            |       |       |     1 |       |     1 |     3 ||     5
       Glaive            |       |       |       |   127 |   733 |   329 ||  1189
       Morningstar       |       |       |       |       |     1 |       ||     1
 Cast: Magic Dart        |    61 |   111 |    93 |    12 |       |       ||   277
       Searing Ray       |       |    17 |    20 |     5 |       |       ||    42
       Fulminant Prism   |       |       |     2 |     5 |       |       ||     7
       Iron Shot         |       |       |       |     9 |    15 |    80 ||   104
       Orb of Destructio |       |       |       |       |    18 |    59 ||    77
Invok: Curse Item        |       |       |       |     6 |     1 |     1 ||     8
       Shatter the Chain |       |       |       |     1 |       |       ||     1
  Use: Scroll            |       |       |       |     5 |     3 |     2 ||    10
       Potion            |       |       |       |       |       |     1 ||     1
 Stab: Sleeping          |       |       |    17 |    19 |    23 |     7 ||    66
       Distracted        |       |       |       |     3 |    19 |     6 ||    28
       Petrified         |       |       |       |       |     6 |       ||     6
Armor: Robe              |     1 |     7 |    47 |       |       |       ||    55
       Steam dragon scal |       |       |     8 |   102 |   303 |   234 ||   647
Dodge: Dodged            |     3 |    37 |   156 |   240 |   622 |   463 ||  1521

Levels and vault maps discovered:
D:1:      heliophobic_arrival_glass_houses, layout_loops_ring, serial_shops,
          nicolae_shop_trees, shop
D:2:      layout_loops_ring, serial_shops, shop, serial_forest,
          infiniplex_forest_lined_2, infiniplex_forest_lined_4_way,
          infiniplex_forest_clump_double, infiniplex_forest_lined_3,
          infiniplex_forest_clump_C, infiniplex_forest_end_2,
          infiniplex_forest_lined_room_2, infiniplex_forest_join,
          infiniplex_forest_clump_C, uniq_jessica
D:3:      lemuel_castle_with_subvaults [lemuel_castle_interior_carwin_1],
          layout_loops_cross, lemuel_round_altar,
          hellmonk_ecumenical_altar_slurped_away
D:4:      layout_gridville, uniq_grinder
D:5:      layout_loops_cross, lightli_church_of_beogh
D:6:      layout_basic, gup_sewer_entry_bowl, uniq_sigmund
D:7:      layout_basic, minmay_temple_entry_glass
D:8:      layout_rooms, slow_altar_1, minmay_lair_entry_grove, enter_bailey_2,
          minmay_misc_feat_x, chequers_serial_rivers_small_b, lightli_minifort
D:9:      minmay_razor_zed, layout_stronghold, lemuel_tele_altar,
          grunt_temple_overflow_open, orc_0_dummy
D:10:     layout_irregular_city, chequers_serial_rivers_large_a,
          minmay_shop_enchanted_jewellery, minmay_evil_grid, uniq_psyche
D:11:     layout_basic, hellmonk_bongcloud_opening, kennysheep_generic_room_10
D:12:     layout_basic, serial_glass, glass_columns_c, glass_columns_b,
          gauntlet_entry_generic
D:13:     layout_basic, serial_ice, serial_ice_k, serial_ice_h, serial_ice_n,
          serial_ice_o, minmay_fractal_squares_diagonal_5, uniq_nessos,
          uniq_rupert, uniq_maurice
D:14:     layout_gridville, grunt_vaults_entry_fortified, grunt_decor_one_mirror
D:15:     grunt_enter_depths_hoard, layout_irregular_city, serial_glass,
          glass_columns_a, glass_columns_c, minivault_23
Temple:   eino_narrow_crystal_temple
Lair:1:   layout_loops_ring, grunt_megastairs_1
Lair:2:   layout_regular_city, minmay_shoals_entry_lonely_mermaid,
          grunt_forest_stairs_clearing, uniq_sonja
Lair:3:   layout_roguey, nicolae_spider_entry_non_spiders, beast_lair_carwin_3,
          uniq_amaemon
Lair:4:   layout_loops_ring, slime_entry_1
Lair:5:   hangedman_lair_in_review, layout_small_grid,
          hangedman_lair_caniforms_friends, serial_bayou_shore_b,
          serial_bayou_shore_a
Spider:1: layout_spider_delve, ebering_ghost_rock_garden, nicolae_spider_nook
Spider:2: layout_spider_delve
Spider:3: layout_spider_delve, uniq_asterion
Spider:4: grunt_spider_rune_circles
Orc:1:    layout_caves, basic_altar
Orc:2:    st_orc_congregation, layout_caves, basic_altar, kennysheep_orc_chapel,
          uniq_josephine

Notes
Turn   | Place    | Note
-------+----------+-------------------------------------------
     0 | D:1      | sanka the Gnoll Conjurer began the quest for the Orb.
     0 | D:1      | Reached XP level 1. HP: 13/13 MP: 6/6
   247 | D:1      | Found Laseta's Antique Weapon Emporium.
   255 | D:1      | Reached XP level 2. HP: 19/19 MP: 4/7
   286 | D:1      | Learned a level 2 spell: Searing Ray
   455 | D:1      | Found Qetwostra's Antique Weapon Emporium.
   701 | D:1      | Reached skill level 5 in Spellcasting
   701 | D:1      | Reached XP level 3. HP: 25/25 MP: 3/9
  1331 | D:2      | Reached skill level 1 in Invocations
  1498 | D:2      | Found Mimuow Qeido's Weapon Shoppe.
  1633 | D:2      | Got the Treatise on Transforming Toxins
  1943 | D:2      | Noticed Jessica
  1949 | D:2      | Killed Jessica
  1950 | D:2      | Reached skill level 1 in Fighting
  1950 | D:2      | Reached skill level 1 in Short Blades
  1950 | D:2      | Reached skill level 1 in Long Blades
  1950 | D:2      | Reached skill level 1 in Axes
  1950 | D:2      | Reached skill level 1 in Maces & Flails
  1950 | D:2      | Reached skill level 1 in Polearms
  1950 | D:2      | Reached skill level 1 in Staves
  1950 | D:2      | Reached skill level 1 in Ranged Weapons
  1950 | D:2      | Reached skill level 1 in Throwing
  1950 | D:2      | Reached skill level 1 in Armour
  1950 | D:2      | Reached skill level 1 in Shields
  1950 | D:2      | Reached skill level 1 in Unarmed Combat
  1950 | D:2      | Reached skill level 1 in Evocations
  1950 | D:2      | Reached XP level 4. HP: 15/32 MP: 3/11
  2401 | D:3      | Identified the ring of Recklessness {Fly Will+ Int+4}
  2451 | D:3      | Reached skill level 1 in Hexes
  2451 | D:3      | Reached skill level 1 in Summonings
  2451 | D:3      | Reached skill level 1 in Necromancy
  2451 | D:3      | Reached skill level 1 in Translocations
  2451 | D:3      | Reached skill level 1 in Transmutations
  2451 | D:3      | Reached skill level 1 in Fire Magic
  2451 | D:3      | Reached skill level 1 in Ice Magic
  2451 | D:3      | Reached skill level 1 in Air Magic
  2451 | D:3      | Reached skill level 1 in Earth Magic
  2451 | D:3      | Reached skill level 1 in Poison Magic
  2651 | D:3      | Identified the +1 leather armour of Hospitality {Harm rC++}
  2685 | D:3      | Found a faded altar of an unknown god.
  3015 | D:3      | Reached XP level 5. HP: 37/37 MP: 3/12
  3265 | D:3      | Reached skill level 2 in Invocations
  3475 | D:3      | Reached XP level 6. HP: 44/44 MP: 2/14
  3508 | D:3      | Reached skill level 2 in Fighting
  3508 | D:3      | Reached skill level 2 in Short Blades
  3508 | D:3      | Reached skill level 2 in Long Blades
  3508 | D:3      | Reached skill level 2 in Axes
  3508 | D:3      | Reached skill level 2 in Maces & Flails
  3508 | D:3      | Reached skill level 2 in Polearms
  3508 | D:3      | Reached skill level 2 in Staves
  3508 | D:3      | Reached skill level 2 in Ranged Weapons
  3508 | D:3      | Reached skill level 2 in Throwing
  3508 | D:3      | Reached skill level 2 in Armour
  3508 | D:3      | Reached skill level 5 in Dodging
  3508 | D:3      | Reached skill level 2 in Shields
  3508 | D:3      | Reached skill level 2 in Unarmed Combat
  3508 | D:3      | Reached skill level 2 in Evocations
  3752 | D:3      | Found an ornate altar of the Wu Jian Council.
  4450 | D:3      | Reached XP level 7. HP: 51/51 MP: 4/15
  4551 | D:3      | Reached skill level 2 in Hexes
  4551 | D:3      | Reached skill level 2 in Summonings
  4551 | D:3      | Reached skill level 2 in Necromancy
  4551 | D:3      | Reached skill level 2 in Translocations
  4551 | D:3      | Reached skill level 2 in Transmutations
  4551 | D:3      | Reached skill level 2 in Fire Magic
  4551 | D:3      | Reached skill level 2 in Ice Magic
  4551 | D:3      | Reached skill level 2 in Air Magic
  4551 | D:3      | Reached skill level 2 in Earth Magic
  4551 | D:3      | Reached skill level 2 in Poison Magic
  4900 | D:4      | Learned a level 4 spell: Fulminant Prism
  5014 | D:4      | Reached skill level 5 in Stealth
  5056 | D:4      | Reached skill level 3 in Invocations
  5568 | D:4      | Noticed Grinder
  5575 | D:4      | Killed Grinder
  5576 | D:4      | Reached skill level 3 in Fighting
  5576 | D:4      | Reached skill level 3 in Short Blades
  5576 | D:4      | Reached skill level 3 in Long Blades
  5576 | D:4      | Reached skill level 3 in Axes
  5576 | D:4      | Reached skill level 3 in Maces & Flails
  5576 | D:4      | Reached skill level 3 in Polearms
  5576 | D:4      | Reached skill level 3 in Staves
  5576 | D:4      | Reached skill level 3 in Ranged Weapons
  5576 | D:4      | Reached skill level 3 in Throwing
  5576 | D:4      | Reached skill level 3 in Armour
  5576 | D:4      | Reached skill level 3 in Shields
  5576 | D:4      | Reached skill level 3 in Unarmed Combat
  5576 | D:4      | Reached skill level 3 in Evocations
  5576 | D:4      | Reached XP level 8. HP: 58/58 MP: 6/16
  5757 | D:4      | Reached skill level 6 in Spellcasting
  6055 | D:5      | Entered Level 5 of the Dungeon
  6348 | D:5      | Found a runed translucent door.
  6718 | D:5      | Identified the +11 rapier "Piderch" {venom, *Rage rN++
                  | Str+3 Stlth+}
  7070 | D:5      | Reached skill level 3 in Hexes
  7070 | D:5      | Reached skill level 3 in Summonings
  7070 | D:5      | Reached skill level 3 in Necromancy
  7070 | D:5      | Reached skill level 3 in Translocations
  7070 | D:5      | Reached skill level 3 in Transmutations
  7070 | D:5      | Reached skill level 3 in Fire Magic
  7070 | D:5      | Reached skill level 3 in Ice Magic
  7070 | D:5      | Reached skill level 3 in Air Magic
  7070 | D:5      | Reached skill level 3 in Earth Magic
  7070 | D:5      | Reached skill level 3 in Poison Magic
  7070 | D:5      | Reached skill level 4 in Invocations
  7078 | D:5      | Reached skill level 6 in Dodging
  7435 | D:6      | Reached XP level 9. HP: 65/65 MP: 12/18
  7477 | D:6      | Reached skill level 4 in Fighting
  7477 | D:6      | Reached skill level 4 in Short Blades
  7477 | D:6      | Reached skill level 4 in Long Blades
  7477 | D:6      | Reached skill level 4 in Axes
  7477 | D:6      | Reached skill level 4 in Maces & Flails
  7477 | D:6      | Reached skill level 4 in Polearms
  7477 | D:6      | Reached skill level 4 in Staves
  7477 | D:6      | Reached skill level 4 in Ranged Weapons
  7477 | D:6      | Reached skill level 4 in Throwing
  7477 | D:6      | Reached skill level 4 in Armour
  7477 | D:6      | Reached skill level 4 in Shields
  7477 | D:6      | Reached skill level 4 in Unarmed Combat
  7477 | D:6      | Reached skill level 4 in Evocations
  7570 | D:6      | Reached skill level 6 in Stealth
  7570 | D:6      | Reached skill level 8 in Conjurations
  7703 | D:6      | Found a glowing drain.
  7743 | Sewer    | Entered a sewer
  8309 | D:6      | Identified +0 steam dragon scales
  8958 | D:6      | Noticed Sigmund
  8984 | D:6      | Reached skill level 5 in Invocations
  8985 | D:6      | Killed Sigmund
  9363 | D:7      | Found a staircase to the Ecumenical Temple.
  9387 | Temple   | Entered the Ecumenical Temple
  9573 | Temple   | Became a worshipper of Ashenzari the Shackled
  9601 | D:7      | Reached skill level 7 in Spellcasting
  9761 | D:7      | Identified the +1 robe "Tosuen" {rF++ rC- rN+}
  9815 | D:7      | Reached skill level 4 in Hexes
  9815 | D:7      | Reached skill level 4 in Summonings
  9815 | D:7      | Reached skill level 4 in Necromancy
  9815 | D:7      | Reached skill level 4 in Translocations
  9815 | D:7      | Reached skill level 4 in Transmutations
  9815 | D:7      | Reached skill level 4 in Fire Magic
  9815 | D:7      | Reached skill level 4 in Ice Magic
  9815 | D:7      | Reached skill level 4 in Air Magic
  9815 | D:7      | Reached skill level 4 in Earth Magic
  9815 | D:7      | Reached skill level 4 in Poison Magic
  9820 | D:7      | Reached skill level 5 in Fighting
  9820 | D:7      | Reached skill level 5 in Short Blades
  9820 | D:7      | Reached skill level 5 in Long Blades
  9820 | D:7      | Reached skill level 5 in Axes
  9820 | D:7      | Reached skill level 5 in Maces & Flails
  9820 | D:7      | Reached skill level 5 in Polearms
  9820 | D:7      | Reached skill level 5 in Staves
  9820 | D:7      | Reached skill level 5 in Ranged Weapons
  9820 | D:7      | Reached skill level 5 in Throwing
  9820 | D:7      | Reached skill level 5 in Armour
  9820 | D:7      | Reached skill level 5 in Shields
  9820 | D:7      | Reached skill level 5 in Unarmed Combat
  9820 | D:7      | Reached skill level 5 in Evocations
  9820 | D:7      | Reached XP level 10. HP: 68/74 MP: 10/20
 10152 | D:7      | Reached skill level 7 in Dodging
 11056 | D:7      | Reached skill level 6 in Invocations
 11133 | D:8      | Found a flagged portal.
 11143 | D:8      | Reached skill level 7 in Stealth
 11251 | Bailey   | Entered a bailey
 11615 | Bailey   | Identified the +5 war axe "Duruokh" {antimagic, rPois rN+
                  | Int-2 Dex+4}
 11998 | D:8      | Reached * piety under Ashenzari
 11998 | D:8      | Identified 2 scrolls of acquirement
 11998 | D:8      | Identified 3 potions of resistance
 12209 | D:8      | Reached skill level 6 in Fighting
 12209 | D:8      | Reached skill level 6 in Short Blades
 12209 | D:8      | Reached skill level 6 in Long Blades
 12209 | D:8      | Reached skill level 6 in Axes
 12209 | D:8      | Reached skill level 6 in Maces & Flails
 12209 | D:8      | Reached skill level 6 in Polearms
 12209 | D:8      | Reached skill level 6 in Staves
 12209 | D:8      | Reached skill level 6 in Ranged Weapons
 12209 | D:8      | Reached skill level 6 in Throwing
 12209 | D:8      | Reached skill level 6 in Armour
 12209 | D:8      | Reached skill level 6 in Shields
 12209 | D:8      | Reached skill level 6 in Unarmed Combat
 12209 | D:8      | Reached skill level 6 in Evocations
 12216 | D:8      | Reached skill level 5 in Hexes
 12216 | D:8      | Reached skill level 5 in Summonings
 12216 | D:8      | Reached skill level 5 in Necromancy
 12216 | D:8      | Reached skill level 5 in Translocations
 12216 | D:8      | Reached skill level 5 in Transmutations
 12216 | D:8      | Reached skill level 5 in Fire Magic
 12216 | D:8      | Reached skill level 5 in Ice Magic
 12216 | D:8      | Reached skill level 5 in Air Magic
 12216 | D:8      | Reached skill level 5 in Earth Magic
 12216 | D:8      | Reached skill level 5 in Poison Magic
 12312 | D:8      | Reached XP level 11. HP: 44/83 MP: 23/23
 12487 | D:8      | Found a staircase to the Lair.
 12635 | D:8      | Found a snail-covered altar of Cheibriados.
 12817 | D:8      | Reached skill level 8 in Spellcasting
 13141 | D:9      | Reached ** piety under Ashenzari
 13156 | D:9      | Found a sparkling altar of Nemelex Xobeh.
 13158 | D:9      | Found a radiant altar of Vehumet.
 13159 | D:9      | Found a bloodstained altar of Trog.
 13162 | D:9      | Found a shimmering blue altar of Sif Muna.
 13162 | D:9      | Found an iron altar of Okawaru.
 13550 | D:9      | Found an ancient bone altar of Kikubaaqudgha.
 13603 | D:9      | Found a staircase to the Orcish Mines.
 14061 | D:9      | Noticed a two-headed ogre
 14070 | D:9      | Killed a two-headed ogre
 14071 | D:9      | Reached skill level 9 in Conjurations
 14071 | D:9      | Reached skill level 7 in Invocations
 14075 | D:9      | Reached skill level 8 in Dodging
 14681 | D:9      | Acquired the Spellbook of Productive Conjuration
 14683 | D:9      | Acquired the +8 morningstar of Wuqocluc {speed, *Corrode
                  | rN+ Int+6 Dex+2}
 14685 | D:9      | Acquired 664 gold pieces
 14712 | D:10     | Entered Level 10 of the Dungeon
 14734 | D:10     | Noticed a two-headed ogre
 14761 | D:10     | Acquired 1120 gold pieces
 14985 | D:1      | Bought the +5 glaive of the Guard {elec, spectral, AC+5}
                  | for 1730 gold pieces
 14985 | D:1      | Found the +5 glaive of the Guard {elec, spectral, AC+5}
 15408 | D:10     | Killed a two-headed ogre
 15492 | D:10     | Found Siry's Jewellery Shoppe.
 15546 | D:10     | Learned a level 6 spell: Iron Shot
 15666 | D:10     | Noticed a manticore
 15674 | D:10     | Killed a manticore
 15675 | D:10     | Reached skill level 8 in Stealth
 15712 | D:10     | Noticed a catoblepas
 15714 | D:10     | Noticed a yaktaur captain
 15721 | D:10     | Killed a catoblepas
 15903 | D:10     | Killed a yaktaur captain
 16088 | D:10     | Reached skill level 7 in Fighting
 16088 | D:10     | Reached skill level 7 in Short Blades
 16088 | D:10     | Reached skill level 7 in Long Blades
 16088 | D:10     | Reached skill level 7 in Axes
 16088 | D:10     | Reached skill level 7 in Maces & Flails
 16088 | D:10     | Reached skill level 7 in Polearms
 16088 | D:10     | Reached skill level 7 in Staves
 16088 | D:10     | Reached skill level 7 in Ranged Weapons
 16088 | D:10     | Reached skill level 7 in Throwing
 16088 | D:10     | Reached skill level 7 in Armour
 16088 | D:10     | Reached skill level 7 in Shields
 16088 | D:10     | Reached skill level 7 in Unarmed Combat
 16088 | D:10     | Reached skill level 7 in Evocations
 16118 | D:10     | Noticed a four-headed hydra
 16124 | D:10     | Killed a four-headed hydra
 16125 | D:10     | Reached XP level 12. HP: 94/94 MP: 13/26
 16224 | D:10     | Noticed Psyche
 16255 | D:10     | Killed Psyche
 16403 | D:11     | Noticed a two-headed ogre
 16409 | D:11     | Killed a two-headed ogre
 16410 | D:11     | Reached skill level 6 in Hexes
 16410 | D:11     | Reached skill level 6 in Summonings
 16410 | D:11     | Reached skill level 6 in Necromancy
 16410 | D:11     | Reached skill level 6 in Translocations
 16410 | D:11     | Reached skill level 6 in Transmutations
 16410 | D:11     | Reached skill level 6 in Fire Magic
 16410 | D:11     | Reached skill level 6 in Ice Magic
 16410 | D:11     | Reached skill level 6 in Air Magic
 16410 | D:11     | Reached skill level 6 in Earth Magic
 16410 | D:11     | Reached skill level 6 in Poison Magic
 16492 | D:11     | Reached skill level 8 in Invocations
 16579 | D:11     | Reached skill level 9 in Spellcasting
 17353 | D:12     | Noticed a two-headed ogre
 17359 | D:12     | Killed a two-headed ogre
 17389 | D:12     | Noticed a two-headed ogre
 17396 | D:12     | Killed a two-headed ogre
 17397 | D:12     | Reached skill level 9 in Dodging
 17456 | D:12     | Reached *** piety under Ashenzari
 17465 | D:12     | Learned a level 7 spell: Orb of Destruction
 17475 | D:12     | Found a gate leading to a gauntlet.
 17514 | Gauntlet | Entered a Gauntlet
 17514 | Gauntlet | Found a transporter.
 17514 | Gauntlet | Found a transporter.
 17518 | Gauntlet | Noticed a tengu warrior
 17530 | Gauntlet | Found a transporter.
 17535 | Gauntlet | Found a transporter.
 17545 | Gauntlet | Found a transporter.
 17547 | Gauntlet | Found a transporter.
 17554 | Gauntlet | Found a runed translucent door.
 17556 | Gauntlet | Found a transporter.
 17573 | Gauntlet | Noticed a ghost crab
 17574 | Gauntlet | Found a runed translucent door.
 17575 | Gauntlet | Identified the +3 helmet of the Wheelwright {rPois rC+}
 17576 | Gauntlet | Found a transporter.
 17578 | Gauntlet | Found a runed translucent door.
 17593 | Gauntlet | Found a transporter.
 17597 | Gauntlet | Found a transporter.
 17599 | Gauntlet | Found a runed translucent door.
 17601 | Gauntlet | Found a runed translucent door.
 17605 | Gauntlet | Found a transporter.
 17609 | Gauntlet | Found a transporter.
 17743 | Gauntlet | Reached skill level 9 in Stealth
 17775 | Gauntlet | Killed a ghost crab
 17870 | Gauntlet | Noticed a minotaur
 17874 | Gauntlet | Killed a minotaur
 17961 | Gauntlet | Reached skill level 8 in Fighting
 17961 | Gauntlet | Reached skill level 8 in Short Blades
 17961 | Gauntlet | Reached skill level 8 in Long Blades
 17961 | Gauntlet | Reached skill level 8 in Axes
 17961 | Gauntlet | Reached skill level 8 in Maces & Flails
 17961 | Gauntlet | Reached skill level 8 in Polearms
 17961 | Gauntlet | Reached skill level 8 in Staves
 17961 | Gauntlet | Reached skill level 8 in Ranged Weapons
 17961 | Gauntlet | Reached skill level 8 in Throwing
 17961 | Gauntlet | Reached skill level 8 in Armour
 17961 | Gauntlet | Reached skill level 8 in Shields
 17961 | Gauntlet | Reached skill level 8 in Unarmed Combat
 17961 | Gauntlet | Reached skill level 8 in Evocations
 18186 | D:12     | Noticed a boulder beetle
 18195 | D:12     | Killed a boulder beetle
 18241 | D:12     | Reached XP level 13. HP: 76/103 MP: 28/28
 18544 | Lair:1   | Entered Level 1 of the Lair of Beasts
 18592 | Lair:1   | Reached skill level 9 in Invocations
 18702 | Lair:1   | Reached skill level 10 in Conjurations
 18793 | Lair:1   | Reached skill level 7 in Hexes
 18793 | Lair:1   | Reached skill level 7 in Summonings
 18793 | Lair:1   | Reached skill level 7 in Necromancy
 18793 | Lair:1   | Reached skill level 7 in Translocations
 18793 | Lair:1   | Reached skill level 7 in Transmutations
 18793 | Lair:1   | Reached skill level 7 in Fire Magic
 18793 | Lair:1   | Reached skill level 7 in Ice Magic
 18793 | Lair:1   | Reached skill level 7 in Air Magic
 18793 | Lair:1   | Reached skill level 7 in Earth Magic
 18793 | Lair:1   | Reached skill level 7 in Poison Magic
 19392 | Lair:1   | Identified the +1 ring mail of Mental Paralysis {rElec
                  | rN+++ Str-2 Int-3}
 19418 | Lair:1   | Reached skill level 10 in Spellcasting
 19998 | Lair:2   | Identified the +4 rapier "Samongev" {protect, Str+6}
 20033 | Lair:2   | Noticed Sonja
 20051 | Lair:2   | Killed Sonja
 20248 | Lair:2   | Reached skill level 10 in Dodging
 20511 | Lair:2   | Found a staircase to the Shoals.
 20931 | Lair:3   | Found a hole to the Spider Nest.
 20946 | Lair:3   | Reached skill level 9 in Fighting
 20946 | Lair:3   | Reached skill level 9 in Short Blades
 20946 | Lair:3   | Reached skill level 9 in Long Blades
 20946 | Lair:3   | Reached skill level 9 in Axes
 20946 | Lair:3   | Reached skill level 9 in Maces & Flails
 20946 | Lair:3   | Reached skill level 9 in Polearms
 20946 | Lair:3   | Reached skill level 9 in Staves
 20946 | Lair:3   | Reached skill level 9 in Ranged Weapons
 20946 | Lair:3   | Reached skill level 9 in Throwing
 20946 | Lair:3   | Reached skill level 9 in Armour
 20946 | Lair:3   | Reached skill level 9 in Shields
 20946 | Lair:3   | Reached skill level 9 in Unarmed Combat
 20946 | Lair:3   | Reached skill level 9 in Evocations
 20967 | Lair:3   | Noticed Amaemon
 20978 | Lair:3   | Killed Amaemon
 20979 | Lair:3   | Reached skill level 10 in Stealth
 21458 | Lair:3   | Reached XP level 14. HP: 111/111 MP: 30/30
 21516 | Lair:3   | Reached skill level 10 in Invocations
 22614 | Lair:4   | Found a staircase to the Slime Pits.
 22614 | Lair:4   | Found a viscous altar of Jiyva.
 22932 | Lair:5   | Entered Level 5 of the Lair of Beasts
 23347 | Lair:4   | Reached skill level 8 in Hexes
 23347 | Lair:4   | Reached skill level 8 in Summonings
 23347 | Lair:4   | Reached skill level 8 in Necromancy
 23347 | Lair:4   | Reached skill level 8 in Translocations
 23347 | Lair:4   | Reached skill level 8 in Transmutations
 23347 | Lair:4   | Reached skill level 8 in Fire Magic
 23347 | Lair:4   | Reached skill level 8 in Ice Magic
 23347 | Lair:4   | Reached skill level 8 in Air Magic
 23347 | Lair:4   | Reached skill level 8 in Earth Magic
 23347 | Lair:4   | Reached skill level 8 in Poison Magic
 24022 | Lair:5   | Reached skill level 11 in Spellcasting
 24760 | Lair:5   | Reached skill level 10 in Fighting
 24760 | Lair:5   | Reached skill level 10 in Short Blades
 24760 | Lair:5   | Reached skill level 10 in Long Blades
 24760 | Lair:5   | Reached skill level 10 in Axes
 24760 | Lair:5   | Reached skill level 10 in Maces & Flails
 24760 | Lair:5   | Reached skill level 10 in Polearms
 24760 | Lair:5   | Reached skill level 10 in Staves
 24760 | Lair:5   | Reached skill level 10 in Ranged Weapons
 24760 | Lair:5   | Reached skill level 10 in Throwing
 24760 | Lair:5   | Reached skill level 10 in Armour
 24760 | Lair:5   | Reached skill level 11 in Dodging
 24760 | Lair:5   | Reached skill level 10 in Shields
 24760 | Lair:5   | Reached skill level 10 in Unarmed Combat
 24760 | Lair:5   | Reached skill level 11 in Conjurations
 24760 | Lair:5   | Reached skill level 10 in Evocations
 25050 | Lair:5   | Reached XP level 15. HP: 66/119 MP: 31/31
 25355 | Lair:5   | Reached skill level 11 in Invocations
 25521 | Lair:5   | Reached skill level 11 in Stealth
 26023 | Orc:1    | Entered Level 1 of the Orcish Mines
 26279 | Orc:2    | Entered Level 2 of the Orcish Mines
 26348 | Orc:2    | Found a staircase to the Elven Halls.
 26597 | Orc:2    | Found a bloodstained altar of Trog.
 27139 | Orc:2    | Noticed an orc warlord
 27157 | Orc:2    | Killed an orc warlord
 27219 | Orc:2    | Noticed Josephine
 27253 | Orc:2    | Killed Josephine
 27498 | Orc:2    | Identified a +0 robe of resistance
 27576 | Orc:2    | Found Kerr's Antique Armour Shoppe.
 27577 | Orc:2    | Found Poed's Antique Weapon Shoppe.
 27632 | Orc:2    | Found Odeeboss's General Store.
 27632 | Orc:2    | Found Jaskyjish's Jewellery Emporium.
 27800 | Orc:2    | Bought a sheer robe for 165 gold pieces
 27800 | Orc:2    | Identified the +3 robe "Ustereq" {Harm Regen+ Dex-2} (You
                  | bought it in a shop on level 2 of the Orcish Mines)
 27956 | D:13     | Identified +0 acid dragon scales
 28182 | D:13     | Noticed Nessos
 28185 | D:13     | Noticed Rupert
 28188 | D:13     | Killed Nessos
 28196 | D:13     | Killed Rupert
 28359 | D:13     | Reached skill level 9 in Hexes
 28359 | D:13     | Reached skill level 9 in Summonings
 28359 | D:13     | Reached skill level 9 in Necromancy
 28359 | D:13     | Reached skill level 9 in Translocations
 28359 | D:13     | Reached skill level 9 in Transmutations
 28359 | D:13     | Reached skill level 9 in Fire Magic
 28359 | D:13     | Reached skill level 9 in Ice Magic
 28359 | D:13     | Reached skill level 9 in Air Magic
 28359 | D:13     | Reached skill level 9 in Earth Magic
 28359 | D:13     | Reached skill level 9 in Poison Magic
 29689 | D:13     | Reached **** piety under Ashenzari
 29914 | D:13     | Noticed Maurice
 29924 | D:13     | Killed Maurice
 30066 | D:14     | Reached skill level 12 in Spellcasting
 30066 | D:14     | Reached XP level 16. HP: 126/132 MP: 34/34
 30204 | D:14     | Reached skill level 11 in Fighting
 30204 | D:14     | Reached skill level 11 in Short Blades
 30204 | D:14     | Reached skill level 11 in Long Blades
 30204 | D:14     | Reached skill level 11 in Axes
 30204 | D:14     | Reached skill level 11 in Maces & Flails
 30204 | D:14     | Reached skill level 11 in Polearms
 30204 | D:14     | Reached skill level 11 in Staves
 30204 | D:14     | Reached skill level 11 in Ranged Weapons
 30204 | D:14     | Reached skill level 11 in Throwing
 30204 | D:14     | Reached skill level 11 in Armour
 30204 | D:14     | Reached skill level 11 in Shields
 30204 | D:14     | Reached skill level 11 in Unarmed Combat
 30204 | D:14     | Reached skill level 11 in Evocations
 30377 | D:14     | Reached skill level 12 in Invocations
 30635 | D:14     | Reached skill level 12 in Dodging
 31354 | D:14     | Found a gate to the Vaults.
 31567 | D:15     | Entered Level 15 of the Dungeon
 31692 | D:15     | Reached skill level 12 in Stealth
 32743 | D:15     | Found a staircase to the Depths.
 33166 | Spider:1 | Entered Level 1 of the Spider Nest
 33837 | Spider:1 | Reached skill level 12 in Conjurations
 34702 | Spider:1 | Found a runed translucent gate.
 34702 | Spider:1 | Found a runed translucent gate.
 34702 | Spider:1 | Found a runed translucent gate.
 34705 | Spider:1 | Noticed Tonnatak's ghost (journeyman GrBe)
 34706 | Spider:1 | Identified +1 fire dragon scales
 34711 | Spider:1 | Killed Tonnatak's ghost
 35289 | Spider:2 | Reached XP level 17. HP: 131/140 MP: 36/36
 35490 | Spider:1 | Reached skill level 10 in Hexes
 35490 | Spider:1 | Reached skill level 10 in Summonings
 35490 | Spider:1 | Reached skill level 10 in Necromancy
 35490 | Spider:1 | Reached skill level 10 in Translocations
 35490 | Spider:1 | Reached skill level 10 in Transmutations
 35490 | Spider:1 | Reached skill level 10 in Fire Magic
 35490 | Spider:1 | Reached skill level 10 in Ice Magic
 35490 | Spider:1 | Reached skill level 10 in Air Magic
 35490 | Spider:1 | Reached skill level 10 in Earth Magic
 35490 | Spider:1 | Reached skill level 10 in Poison Magic
 36432 | Spider:3 | Acquired 888 gold pieces
 36636 | Spider:3 | Noticed Asterion
 36642 | Spider:3 | Killed Asterion
 36643 | Spider:3 | Reached skill level 13 in Invocations
 36860 | Spider:3 | Reached skill level 12 in Fighting
 36860 | Spider:3 | Reached skill level 12 in Short Blades
 36860 | Spider:3 | Reached skill level 12 in Long Blades
 36860 | Spider:3 | Reached skill level 12 in Axes
 36860 | Spider:3 | Reached skill level 12 in Maces & Flails
 36860 | Spider:3 | Reached skill level 12 in Polearms
 36860 | Spider:3 | Reached skill level 12 in Staves
 36860 | Spider:3 | Reached skill level 12 in Ranged Weapons
 36860 | Spider:3 | Reached skill level 12 in Throwing
 36860 | Spider:3 | Reached skill level 12 in Armour
 36860 | Spider:3 | Reached skill level 12 in Shields
 36860 | Spider:3 | Reached skill level 12 in Unarmed Combat
 36860 | Spider:3 | Reached skill level 12 in Evocations
 37459 | Spider:3 | Reached skill level 13 in Spellcasting
 37696 | Spider:4 | Entered Level 4 of the Spider Nest
 38532 | Spider:4 | Reached skill level 13 in Dodging
 38582 | Spider:4 | HP: 11/142 [emperor scorpion (6)]
 38582 | Spider:4 | HP: 2/142 [emperor scorpion simulacrum (4)]
 38582 | Spider:4 | Slain by an emperor scorpion simulacrum

Vanquished Creatures
  Rupert (D:13)
  Asterion (Spider:3)
  2 ghost moths
  2 emperor scorpions
  An orc warlord (Orc:2)
  A broodmother (Spider:2)
  Nessos (D:13)
  A dire elephant (Lair:5)
  A minotaur (Gauntlet)
  3 entropy weavers
  The ghost of Tonnatak the Cruncher, a journeyman GrBe of Trog (Spider:1)
  Josephine (Orc:2)
  A fire dragon (D:15)
  A yaktaur captain (D:10)
  5 vault guards (D:14)
  An ogre mage (D:15)
  4 catoblepae
  An ice dragon (D:15)
  6 centaur warriors
  10 hydras
  5 boulder beetles
  A ghost crab (Gauntlet)
  A jorogumo (Spider:4)
  2 radroaches
  2 death knights
  11 two-headed ogres
  5 death yaks
  4 orc high priests (Orc:2)
  A tengu warrior (D:13)
  Amaemon (Lair:3)
  Sonja (Lair:2)
  5 pharaoh ants
  A sun moth (Spider:4)
  A skeletal warrior (D:13)
  3 steelbarb worms
  9 orb spiders
  3 orc knights (Orc:2)
  4 lindwurms
  2 deep elf pyromancers
  20 wolf spiders
  A phantasmal warrior (D:13)
  4 ugly things
  7 manticores
  5 orc sorcerers (Orc:2)
  An oklob plant (Lair:4)
  A moth of wrath (Spider:4)
  12 slime creatures
  2 cyclopes
  15 elephants
  10 cane toads
  Maurice (D:13)
  2 black mambas
  3 gargoyles
  2 minotaur zombies (Gauntlet)
  2 unseen horrors (D:11)
  7 torpor snails
  An orange demon (Lair:3)
  A kobold demonologist (D:10)
  3 rime drakes
  Psyche (D:10)
  2 freezing wraiths
  6 tengu conjurers
  8 yaktaurs
  5 demonic crawlers
  4 efreet
  6 komodo dragons
  8 meliai
  A hornet (D:9)
  14 blink frogs
  A troll (Orc:2)
  Grinder (D:4)
  13 polar bears
  27 tarantellas
  5 raiju (Lair:5)
  A wolf spider simulacrum (D:13)
  A centaur simulacrum (D:13)
  13 jumping spiders
  4 shadows (Gauntlet)
  3 water elementals (D:13)
  13 culicivoras
  Sigmund (D:6)
  A spriggan (Lair:2)
  5 wraiths
  A yak (shapeshifter) (D:15)
  10 wyverns
  45 yaks
  An unseen horror simulacrum (D:10)
  5 basilisks
  A steam dragon (D:6)
  42 redbacks
  6 wargs
  3 acid dragons
  12 hell hounds (Lair:5)
  13 water moccasins
  A sky beast (D:7)
  18 black bears
  2 ice beasts
  6 ogres
  32 orc warriors
  25 wolves
  2 phantoms
  8 centaurs
  7 scorpions
  4 kobold brigands
  A necrophage (D:3)
  12 bullfrogs
  2 gnoll sergeants
  16 wights
  6 killer bees
  4 electric eels
  5 howler monkeys
  A gnoll bouda (D:3)
  4 hounds
  24 orc priests
  A jelly (D:4)
  Jessica (D:2)
  3 iguanas
  2 merfolk sirens
  28 orc wizards
  A merfolk avatar (Sewer)
  5 adders
  30 gnolls
  2 river rats (Sewer)
  10 white imps
  3 ufetubi
  2 worms
  2 dart slugs
  119 orcs
  11 ball pythons
  4 bats
  6 endoplasms
  8 giant cockroaches
  9 goblins
  6 hobgoblins
  12 jackals (D:3)
  6 quokkas
  6 frilled lizards
  32 kobolds
  18 rats (Sewer)
997 creatures vanquished.

Vanquished Creatures (others)
  An orc (Orc:2)
  7 fulminant prisms
  32 fungi
  52 plants
92 creatures vanquished.

Grand Total: 1089 creatures vanquished
